 Dungeon Crawl Stone Soup version 0.26-a0-639-g72c4674329 (webtiles) character file.

Game seed: 10459526298306966305

973 Conn the Magician (level 8, -1/48 HPs)
             Began as an Octopode Hedge Wizard on Sept 20, 2020.
             Killed from afar by an orc wizard (9 damage)
             ... with a puff of frost
             ... on level 5 of the Dungeon.
             The game lasted 00:16:19 (4316 turns).

Conn the Magician (Octopode Hedge Wizard)           Turns: 4316, Time: 00:16:20

Health: -1/48      AC:  2    Str:  9    XL:     8   Next: 16%
Magic:  18/26      EV: 13    Int: 18    God:
Gold:   90         SH:  0    Dex: 12    Spells: 8/19 levels left

rFire    . . .     SeeInvis .   a - +3 dagger (flame)
rCold    . . .     Faith    .   (no shield)
rNeg     . . .     Spirit   .   o - +1 hat
rPois    .         Reflect  .   n - amulet of inaccuracy (curse)
rElec    .         Harm     .   j - ring of magical power
rCorr    .         Rampage  .   (no ring)
MR       .....                  (no ring)
Stlth    ++++......             (no ring)
HPRegen  0.16/turn              (no ring)
MPRegen  0.20/turn              (no ring)
                                (no ring)
                                (no ring)

@: no status effects
A: almost no armour, stealthy swim, amphibious, 8 rings, constrict 8, camouflage
1, gelatinous body 1
a: no special abilities


You were on level 5 of the Dungeon.
You visited 1 branch of the dungeon, and saw 5 of its levels.

You collected 181 gold pieces.
You spent 91 gold pieces at shops.

Inventory:

Hand Weapons
 a - a +3 dagger of flaming (weapon)
 b - a +1 vorpal war axe
 c - a +0 dagger
Missiles
 e - 8 boomerangs
 l - 13 poisoned darts (quivered)
Armour
 o - a +1 hat (worn)
Jewellery
 j - a ring of magical power (left tentacle)
 n - a cursed amulet of inaccuracy (around mantle)
Wands
 h - a wand of enslavement (5)
Scrolls
 f - a scroll of fog
 g - a scroll of fear
 m - a scroll of identify
Potions
 k - a potion of curing {unknown}


   Skills:
 + Level 1.5 Fighting
 + Level 2.1 Short Blades
 + Level 0.9 Throwing
 + Level 2.4 Dodging
 + Level 5.3 Stealth
 + Level 6.0 Spellcasting
 + Level 2.6 Conjurations
 + Level 3.8 Summonings
 + Level 1.0 Translocations
 + Level 1.1 Fire Magic
 + Level 0.6 Air Magic
 + Level 0.2 Poison Magic


You had 8 spell levels left.
You knew the following spells:

 Your Spells              Type           Power        Failure   Level
a - Magic Dart            Conj           ###.         4%          1
b - Blink                 Tloc           N/A          12%         2
c - Call Imp              Summ           ###.....     3%          2
d - Conjure Flame         Conj/Fire      ##......     17%         3
e - Mephitic Cloud        Conj/Pois/Air  #.......     22%         3

Your spell library contained the following spells:

 Spells                   Type           Power        Failure   Level
 Slow                     Hex            #.......     19%         2


Dungeon Overview and Level Annotations

Branches:
Dungeon (5/15)
 Temple: D:4-7

Altars:
Dithmenos
Elyvilon
Nemelex Xobeh

Shops:
D:4 (}


Innate Abilities, Weirdness & Mutations

You cannot wear most types of armour.
You are very stealthy in the water. (Stealth+)
You are amphibious.
You can wear up to eight rings at the same time.
You can use your tentacles to constrict eight enemies at once.
Your skin changes colour to match your surroundings (Stealth+).
Your rubbery body absorbs attacks. (AC +1, EV +1)


Message History

g - Guard the area. f - Follow me.
Anything else - Cancel.
Guard this area!
Your white imp closely misses something.
A magic dart appears from out of thin air!
The magic dart hits your white imp!
Your white imp dies!
Casting: Call Imp (safe; 3% risk of failure)
Confirm with . or Enter, or press ? or * to list all spells.
A beastly little devil appears in a puff of flame.
The orc priest invokes the aid of Beogh against you.
Beogh smites you! Something hits you but does no damage.
A magic dart appears from out of thin air!
The magic dart hits you!
A magic dart appears from out of thin air!
The magic dart hits you!
* * * LOW HITPOINT WARNING * * *
A puff of frost appears from out of thin air!
The puff of frost hits you!
You die...

#Z# #.#
#o# #.#
#O# #{#
#.#
#.#####.##
#5@.......
#######...


You could see an ogre, an orc priest and a friendly crimson imp (summoned).

Vanquished Creatures
  Edmund (D:4)
  A water moccasin (D:4)
  An ogre (D:4)
  2 lemures (D:3)
  An orc wizard (D:3)
  A worker ant (D:4)
  5 adders
  A shadow imp (D:4)
  An ooze (D:3)
  A worm (D:3)
  A dart slug (D:1)
  2 leopard geckos
  10 orcs
  3 giant cockroaches
  14 goblins
  6 hobgoblins
  4 jackals (D:1)
  4 kobolds
  A quokka (D:2)
  A ball python (D:2)
  6 bats
  10 frilled lizards
  A jackal skeleton (D:4)
  6 rats
84 creatures vanquished.

Vanquished Creatures (collateral kills)
  Pikel (D:3)
  Sigmund (D:2)
  A lemure (D:3)
  An orc priest (D:3)
  Robin (D:2)
  2 orcs (D:3)
  2 giant cockroaches
9 creatures vanquished.

Grand Total: 93 creatures vanquished

Notes
Turn   | Place    | Note
-------+----------+-------------------------------------------
     0 | D:1      | Conn the Octopode Hedge Wizard began the quest for the Orb.
     0 | D:1      | Reached XP level 1. HP: 11/11 MP: 4/4
    96 | D:1      | Reached XP level 2. HP: 10/17 MP: 6/6
   682 | D:2      | Reached XP level 3. HP: 21/21 MP: 8/8
   727 | D:2      | Noticed Sigmund
   733 | D:2      | Learned a level 2 spell: Blink
   736 | D:2      | Learned a level 2 spell: Call Imp
   740 | D:2      | Learned a level 3 spell: Conjure Flame
  1152 | D:3      | Found a sparkling altar of Nemelex Xobeh.
  1436 | D:2      | Reached skill level 1 in Short Blades
  1437 | D:2      | Reached XP level 4. HP: 27/27 MP: 9/9
  1453 | D:2      | Noticed Robin
  1470 | D:2      | Killed Robin
  1616 | D:2      | Reached skill level 1 in Fighting
  1931 | D:2      | Killed Sigmund
  1931 | D:2      | Reached skill level 4 in Spellcasting
  1931 | D:2      | Reached XP level 5. HP: 13/33 MP: 7/11
  2362 | D:3      | Reached XP level 6. HP: 31/38 MP: 12/12
  2757 | D:3      | Found a white marble altar of Elyvilon.
  2757 | D:3      | Found a shadowy altar of Dithmenos.
  2920 | D:3      | Learned a level 3 spell: Mephitic Cloud
  2955 | D:4      | Noticed Pikel
  2957 | D:4      | Found Egilaic's Antique Weapon Shop.
  3382 | D:3      | Killed Pikel
  3382 | D:3      | Reached skill level 5 in Spellcasting
  3382 | D:3      | Reached XP level 7. HP: 25/43 MP: 1/15
  3522 | D:4      | Found Konuafo's Gadget Boutique.
  3524 | D:4      | Bought a wand of enslavement (5) for 91 gold pieces
  3590 | D:4      | Reached skill level 1 in Fire Magic
  3772 | D:4      | Reached skill level 5 in Stealth
  3974 | D:4      | Noticed Edmund
  3988 | D:4      | Killed Edmund
  3988 | D:4      | Reached XP level 8. HP: 36/48 MP: 16/16
  4109 | D:5      | Entered Level 5 of the Dungeon
  4304 | D:5      | Reached skill level 6 in Spellcasting
  4316 | D:5      | Killed from afar by an orc wizard

Illustrated notes

Levels and vault maps discovered:
D:1:      tarquinn_simple_flora_water_b, layout_rooms, minmay_unequal
D:2:      layout_loops_ring, uniq_sigmund, uniq_robin
D:3:      layout_loops_ring, gammafunk_temple_overflow_statue,
          nemelex_lonely_heart_becter
D:4:      layout_basic, old_standard_altar, serial_shops, shop,
          nicolae_shop_crystal, uniq_edmund, uniq_pikel
D:5:      layout_loops_ring, kennysheep_slug_shrine, old_standard_altar,
          uniq_crazy_yiuf_cottage

Skill      XL: |  1  2  3  4  5  6  7  8 |
---------------+-------------------------+-----
Stealth        | 3 4 5 |  5.3
Short Blades   | 1 2 |  2.1
Fighting       | 1 |  1.5
Spellcasting   | 4 5 6 |  6.0
Conjurations   | 2 |  2.6
Summonings     | 3 |  3.8
Fire Magic     | 1 |  1.1
Throwing       | |  0.9
Dodging        | |  2.4
Translocations | |  1.0
Air Magic      | |  0.6
Poison Magic   | |  0.2

Action                   |  1- 3 |  4- 6 |  7- 9 || total
-------------------------+-------+-------+-------++-------
Melee: Dagger            |    60 |    75 |    36 ||   171
       Constrict         |     9 |    20 |     6 ||    35
       Tentacles         |     5 |    14 |     7 ||    26
Throw: Boomerang         |       |     4 |       ||     4
 Cast: Magic Dart        |     3 |    29 |    23 ||    55
       Call Imp          |     7 |    28 |     5 ||    40
       Blink             |     1 |       |       ||     1
       Conjure Flame     |       |     2 |     1 ||     3
       Mephitic Cloud    |       |     1 |       ||     1
  Use: Potion            |     2 |       |       ||     2
       Scroll            |     1 |     9 |     2 ||    12
 Stab: Sleeping          |    17 |     4 |     1 ||    22
Armor: Skin              |     5 |     6 |     3 ||    14
Dodge: Dodged            |    35 |    55 |    24 ||   114

Table legend: (Time is in decaauts)
 A = Elapsed time spent in this place.
 B = Non-inter-level travel time spent in this place.
 C = Inter-level travel time spent in this place.
 D = Time resting spent in this place.
 E = Time spent auto-exploring this place.
 F = Levels seen in this place.
 G = Mean time per level.
                   A        B        C        D        E       F      G
               +--------+--------+--------+--------+--------+-----+--------+
         Total |   4307 |   4230 |     77 |   1421 |   1427 |   5 |  861.4 |
       Dungeon |   4307 |   4230 |     77 |   1421 |   1427 |   5 |  861.4 |
               +--------+--------+--------+--------+--------+-----+--------+

Top non-repeatable levels by time:
     D:3: 1977 daAuts
     D:2: 976 daAuts
     D:4: 597 daAuts
     D:1: 550 daAuts
     D:5: 205 daAuts
